 Dungeon Crawl Stone Soup version 0.21.0 (webtiles) character file.

1293 Jynx the Transmogrifier (level 8, -7/54 HPs)
             Began as a Merfolk Transmuter on Jan 7, 2018.
             Was a Believer of Okawaru.
             Mangled by a warg (13 damage)
             ... on level 7 of the Dungeon.
             The game lasted 00:16:49 (7268 turns).

Jynx the Transmogrifier (Merfolk Transmuter)        Turns: 7268, Time: 00:16:50

Health: -7/54      AC:  4    Str: 10    XL:     8   Next: 56%
Magic:  7/16       EV: 13    Int: 12    God:    Okawaru [**....]
Gold:   404        SH:  0    Dex: 17    Spells: 2/17 levels left

rFire    . . .     SeeInvis .     - Unarmed
rCold    . . .     Gourm    .   (shield currently unavailable)
rNeg     . . .     Faith    .   b - +0 robe
rPois    .         Spirit   .   (no helmet)
rElec    .         Reflect  .   h - +0 cloak
rCorr    .         Harm     .   (gloves currently unavailable)
MR       .....                  s - +0 pair of boots
Stlth    ++........             (no amulet)
HPRegen  0.18/turn              (no ring)
MPRegen  0.15/turn              (no ring)

@: blade hands (expiring)
A: change form in water, swift swim, stealthy swim
a: End Transformation, Heroism, Renounce Religion


You were on level 7 of the Dungeon.
You worshipped Okawaru.
Okawaru was pleased with you.
You were hungry.
You had blades for hands.
You visited 2 branches of the dungeon, and saw 8 of its levels.

You collected 404 gold pieces.

Inventory:

Missiles
 a - 75 arrows
Armour
 b - a +0 robe (worn)
 h - a +0 cloak (worn)
 m - a +0 pair of gloves (melded)
 s - a +0 pair of boots (worn)
Jewellery
 i - a +3 amulet of reflection
 q - an uncursed amulet of harm
 D - a +3 amulet of reflection
Wands
 o - a wand of flame (25)
 x - a wand of iceblast (18)
 A - a wand of random effects (19)
Scrolls
 f - 4 scrolls of teleportation
 p - a scroll of enchant weapon
 r - a scroll of blinking
 v - 2 scrolls of amnesia
 y - 4 scrolls of remove curse
 z - a scroll of enchant armour {unknown}
 C - a scroll of random uselessness {unknown}
 E - a scroll of identify
Potions
 e - 9 potions of curing
 g - a potion of mutation
 j - a potion of ambrosia
 k - 2 potions of brilliance
 l - 2 potions of might
 n - 3 potions of heal wounds
 t - 2 potions of magic
 w - a potion of degeneration {unknown}
 B - a potion of haste {unknown}
Books
 c - a book of Changes

   Spells                             Type                      Level
   a - Beastly Appendage              Transmutation                1
   b - Sticks to Snakes               Transmutation                2
   c - Spider Form                    Transmutation/Poison         3
   d - Ice Form                       Ice/Transmutation            4
   e - Blade Hands                    Transmutation                5
 u - a book of Conjurations

   Spells                             Type                      Level
   a - Magic Dart                     Conjuration                  1
   b - Searing Ray                    Conjuration                  2
   c - Dazzling Spray                 Conjuration/Hexes            3
   d - Fulminant Prism                Conjuration/Hexes            4
   e - Force Lance                    Conjuration/Translocation    4
   f - Iskenderun's Mystic Blast      Conjuration                  4
Comestibles
 d - 6 rations


   Skills:
 + Level 1.5 Fighting
 + Level 3.0 Dodging
 - Level 2.1 Stealth
 + Level 3.4 Unarmed Combat
 - Level 5.3 Spellcasting
 * Level 10.4 Transmutations
 + Level 1.3 Ice Magic
 - Level 0.6 Poison Magic


You had 2 spell levels left.
You knew the following spells:

 Your Spells              Type           Power        Failure   Level  Hunger
a - Beastly Appendage     Tmut           ####..       10%         1    None
b - Sticks to Snakes      Tmut           ####....     11%         2    ##.....
c - Spider Form           Tmut/Pois      ###.......   36%         3    ###....
d - Blade Hands           Tmut           ####......   41%         5    ######.
e - Ice Form              Ice/Tmut       ###.....     58%         4    ####...


Dungeon Overview and Level Annotations

Branches:
Dungeon (7/15)             Temple (1/1) D:4

Altars:
Ashenzari
Dithmenos
Elyvilon
Fedhas
Gozag
Kikubaaqudgha
Makhleb
Nemelex Xobeh
Okawaru
Qazlal
Ru
Trog
Uskayaw
Vehumet
Yredelemnul
Zin
The Shining One
Lugonu

Annotations:
D:4 exclusion: statue


Message History

The warg closely misses you.
You hit the warg.
The warg is moderately wounded.
Your transformation is almost over.
The warg bites you! The warg bites you.
You are too injured to fight recklessly!
You slash the warg!
The warg is almost dead.
The warg closely misses you.
You barely miss the warg.
The warg is almost dead.
The warg barely misses you.
You hit the warg.
The warg is almost dead.
The warg bites you!
* * * LOW HITPOINT WARNING * * *
You hit the warg but do no damage.
The warg is almost dead.
The warg bites you!
You die...

.............
.≈≈≈≈≈≈≈≈≈≈ ≈≈≈≈≈≈≈≈≈
≈≈≈≈≈≈≈ ..... .h. #h#
#@# #)## #..#
########.## #....# #..#
#.##.# ##.##
######.##.####..####
.####.......#..........#
.......############..#.#


You could see 2 wargs.

Vanquished Creatures
  Eustachio (D:6)
  Sigmund (D:2)
  A warg (D:7)
  An orc warrior (D:6)
  The ghost of Kloppie the Skirmisher, an amateur MiFi (D:3)
  A necrophage (D:5)
  A centaur (D:6)
  Blork the orc (D:6)
  2 howler monkeys
  A bullfrog skeleton (D:4)
  A bullfrog zombie (D:5)
  An orc priest (D:4)
  3 worker ants
  A killer bee zombie (D:5)
  3 gnolls (D:5)
  8 adders
  An ooze (D:5)
  An adder zombie (D:5)
  An adder skeleton (D:5)
  3 worms
  2 dart slugs (D:1)
  6 leopard geckos
  6 orcs
  A ball python (D:1)
  9 giant cockroaches
  5 goblins
  8 hobgoblins
  9 jackals
  10 kobolds
  2 quokkas
  4 bats
  2 frilled lizards (D:2)
  4 rats
102 creatures vanquished.

Vanquished Creatures (collateral kills)
  A hound (D:2)
  An adder (D:3)
  A worm (D:3)
  A dart slug (D:2)
  A kobold (D:2)
  A rat (D:2)
6 creatures vanquished.

Grand Total: 108 creatures vanquished

Notes
Turn   | Place    | Note
-------+----------+-------------------------------------------
     0 | D:1      | Jynx the Merfolk Transmuter began the quest for the Orb.
     0 | D:1      | Reached XP level 1. HP: 15/15 MP: 3/3
    58 | D:1      | Reached skill level 3 in Transmutations
   154 | D:1      | Reached XP level 2. HP: 20/21 MP: 3/5
   424 | D:1      | Reached skill level 4 in Transmutations
   424 | D:1      | Reached XP level 3. HP: 18/26 MP: 4/6
   516 | D:1      | Learned a level 2 spell: Sticks to Snakes
   520 | D:1      | Learned a level 3 spell: Spider Form
   933 | D:2      | Found an iron altar of Okawaru.
   981 | D:2      | Became a worshipper of Warmaster Okawaru
  1124 | D:2      | Noticed Sigmund
  1134 | D:2      | Reached XP level 4. HP: 19/32 MP: 0/8
  1476 | D:2      | Killed Sigmund
  1476 | D:2      | Reached skill level 1 in Stealth
  1476 | D:2      | Reached skill level 5 in Transmutations
  1476 | D:2      | Reached XP level 5. HP: 37/37 MP: 3/9
  1537 | D:2      | Reached skill level 6 in Transmutations
  2002 | D:2      | Found a burning altar of Makhleb.
  2214 | D:2      | Reached * piety under Okawaru
  2430 | D:3      | Reached XP level 6. HP: 18/43 MP: 7/11
  2511 | D:3      | Noticed Kloppie's ghost (amateur MiFi)
  2743 | D:2      | Learned a level 5 spell: Blade Hands
  2951 | D:3      | Killed Kloppie's ghost
  3229 | D:3      | Reached skill level 7 in Transmutations
  3827 | D:4      | Found a staircase to the Ecumenical Temple.
  3834 | Temple   | Entered the Ecumenical Temple
  4169 | D:4      | Found a radiant altar of Vehumet.
  4218 | D:4      | Reached XP level 7. HP: 48/48 MP: 8/12
  4709 | D:5      | Entered Level 5 of the Dungeon
  4802 | D:5      | Reached skill level 8 in Transmutations
  4875 | D:5      | Found a white marble altar of Elyvilon.
  4953 | D:5      | Found a sacrificial altar of Ru.
  6112 | D:6      | Found a blossoming altar of Fedhas.
  6175 | D:6      | Noticed Blork the orc
  6186 | D:6      | Killed Blork the orc
  6186 | D:6      | Reached skill level 9 in Transmutations
  6317 | D:6      | Reached skill level 5 in Spellcasting
  6317 | D:6      | Reached XP level 8. HP: 54/54 MP: 8/15
  6750 | D:6      | Learned a level 4 spell: Ice Form
  6975 | D:6      | Noticed Eustachio
  6987 | D:6      | Killed Eustachio
  6987 | D:6      | Reached ** piety under Okawaru
  6987 | D:6      | Reached skill level 10 in Transmutations
  7260 | D:7      | Reached skill level 1 in Ice Magic
  7268 | D:7      | Mangled by a warg

Skill      XL: |  1  2  3  4  5  6  7  8 |
---------------+-------------------------+-----
Transmutations | 3 4 5 6 7 9 10 | 10.4
Stealth        | 1 2 |  2.1
Spellcasting   | 3 5 |  5.3
Dodging        | 3 |  3.0
Ice Magic      | 1 |  1.3
Fighting       | |  1.5
Unarmed Combat | |  3.4
Poison Magic   | |  0.6

Action                   |  1- 3 |  4- 6 |  7- 9 || total
-------------------------+-------+-------+-------++-------
Melee: Unarmed           |    80 |   136 |   183 ||   399
       Headbutt          |     7 |    23 |    18 ||    48
       Punch             |     2 |       |     7 ||     9
 Cast: Beastly Appendage |    20 |    23 |    14 ||    57
       Sticks to Snakes  |     4 |     6 |       ||    10
       Blade Hands       |       |     1 |    12 ||    13
       Spider Form       |       |     1 |     2 ||     3
Invok: Heroism           |       |       |     3 ||     3
  Use: Scroll            |     3 |    12 |     1 ||    16
 Stab: Sleeping          |     2 |     2 |     4 ||     8
       Distracted        |       |     1 |       ||     1
  Eat: Chunk             |     1 |    11 |    11 ||    23
       Ration            |       |       |     1 ||     1
Armor: Robe              |    28 |    16 |    25 ||    69
       Skin              |       |     1 |     2 ||     3
Dodge: Dodged            |    81 |    80 |   118 ||   279
